 Dungeon Crawl Stone Soup version 0.20-a0-820-g557356e (webtiles) character file.

73611 Amciq the Blocker (level 15, -5/139 HPs)
             Began as a Minotaur Fighter on Mar 4, 2017.
             Was the Champion of Yredelemnul.
             Slain by a titan (36 damage)
             ... on level 3 of the Shoals.
             The game lasted 01:13:58 (20820 turns).

Amciq the Blocker (Minotaur Fighter)               Turns: 20820, Time: 01:13:58

Health: -5/139     AC: 18    Str: 32    XL:     15   Next: 4%
Magic:  12/20      EV: 11    Int:  5    God:    Yredelemnul [******]
Gold:   1546       SH: 15    Dex: 12    Spells: 14/14 levels left

rFire    . . .     SeeInvis .   y - +9 war axe (flame)
rCold    . . .     Gourm    .   E - +2 plate armour {rPois}
rNeg     + . .     Faith    .   c - +0 shield
rPois    +         Spirit   .   H - +0 hat
rElec    .         Reflect  .   (no cloak)
rCorr    .         Harm     .   (no gloves)
MR       ++...                  (no boots)
Stlth    ..........             (no amulet)
Regen    0.4/turn               j - ring of protection from magic
MPRegen  0.2/turn               m - ring of positive energy

@: mighty
A: retaliatory headbutt, horns 2, agile 1, mutation resistance 1, subdued magic
1
a: Recall Undead Slaves, Injury Mirror, Animate Dead, Drain Life, Enslave Soul,
Renounce Religion


You were on level 3 of the Shoals.
You worshipped Yredelemnul.
Yredelemnul was exalted by your worship.
You were hungry.

You visited 5 branches of the dungeon, and saw 24 of its levels.
You visited the Abyss 1 time.

You collected 1737 gold pieces.
You spent 191 gold pieces at shops.

Inventory:

Hand Weapons
 y - a +9 war axe of flaming (weapon)
Armour
 c - a +0 shield (worn)
 E - a +2 plate armour of poison resistance (worn)
 H - a +0 hat (worn)
Jewellery
 j - a ring of protection from magic (right hand)
 m - a ring of positive energy (left hand)
 v - an uncursed amulet of harm
 A - an uncursed ring of ice
Wands
 F - a wand of disintegration (24/24)
 J - a wand of digging (18/24)
Scrolls
 a - 5 scrolls of amnesia
 b - 4 scrolls of random uselessness {unknown}
 i - 2 scrolls of identify
 k - 8 scrolls of remove curse
 o - 8 scrolls of fear
 q - 8 scrolls of teleportation
 r - 3 scrolls of blinking {unknown}
 u - 5 scrolls of fog
 C - a scroll of summoning
 D - 3 scrolls of recharging
 G - 2 scrolls of acquirement {unknown}
 I - 2 scrolls of enchant armour {unknown}
 K - 3 scrolls of magic mapping {unknown}
Potions
 d - 2 potions of might
 e - 8 potions of curing
 g - 4 potions of flight
 n - a potion of ambrosia
 p - 5 potions of agility
 t - 4 potions of haste
 w - 4 potions of berserk rage
 x - a potion of cancellation
 B - 5 potions of lignification
 L - 2 potions of heal wounds
Comestibles
 f - 14 bread rations
 h - 16 royal jellies
 l - 13 meat rations
 s - 32 fruits
 z - 2 chunks of flesh


   Skills:
 * Level 14.8 Fighting
 * Level 14.4 Axes
 * Level 14.7 Armour
 + Level 5.2 Dodging
 * Level 14.9 Shields
 + Level 5.5 Unarmed Combat
 + Level 8.1 Invocations


You had 14 spell levels left.
You didn't know any spells.

Dungeon Overview and Level Annotations

Branches:
Dungeon (12/15)            Temple (1/1) D:6            Lair (6/6) D:10
 Shoals (3/4) Lair:4       Spider (0/4) Lair:4        Slime (0/5) Lair:5
    Orc (2/2) D:12            Elf (0/3) Orc:2

Altars:
Ashenzari
Cheibriados
Dithmenos
Elyvilon
Fedhas
Gozag
Hepliaklqana
Kikubaaqudgha
Makhleb
Nemelex Xobeh
Okawaru
Qazlal
Ru
Sif Muna
Trog
Uskayaw
Vehumet
Wu Jian
Xom
Yredelemnul
Zin
The Shining One
Beogh

Shops:
D:8 *   D:9 %   Orc:2 *(([(

Annotations:
Lair:3 exclusion: 2 oklob plants


Innate Abilities, Weirdness & Mutations

You reflexively headbutt those who attack you in melee.
You have a pair of horns on your head.
You are agile. (Dex +2)
You are somewhat resistant to further mutation.
Your spells are a little easier to cast, but a little less powerful.


Message History

Press: ? - help, Shift-Dir - straight line, f/p - titan
Aim: a titan (lightly wounded, hasn't noticed you)
The titan shouts!
The titan's soul is now ripe for the taking.
You are feeling hungry.
The titan gestures at you while chanting.
The bolt of lightning hits you!
You feel very mighty all of a sudden.
You hit the titan. You burn the titan. You headbutt the titan!
The titan is lightly wounded.
The titan hits you!!
* * * LOW HITPOINT WARNING * * *
You feel much better. The titan casts a spell at you.
The bolt of lightning misses you.
Your cyclops zombie hits the titan!
You slash the titan! You burn the titan. You headbutt the titan.
The titan is moderately wounded.
The titan hits you!!!
You die...
Your body rises from the dead as a mindless zombie.

≈.(................≈≈≈≈≈≈≈≈
≈≈......≈......Z...≈≈≈≈≈≈≈≈
≈.....##'##.###....≈≈≈≈≈≈≈
≈≈.####(#######....≈≈≈≈..
#####≈.# ##8###.≈..≈....
##≈≈(.###≈≈..##...≈..###
##(...###..(...##.....# #
#...8###†Z.# #....####
##.)###≈@C## #..### #.
#≈≈≈≈((.## #.## #.
###≈≈≈### ### ## ##### ###
#. #### #.# ##. 8...
#.#####.. :..... ##........
#([..... ##≈≈...≈≈≈≈
#?......≈ ##≈≈≈≈≈≈..#.


You could see a titan and a friendly cyclops zombie.

Vanquished Creatures
  Gastronok (D:9)
  A frost giant (Shoals:3)
  Josephine (Lair:4)
  5 hydras
  2 death yaks (Lair:5)
  3 two-headed ogres
  An orc high priest (Orc:2)
  3 skeletal warriors (D:11)
  An unseen horror (D:10)
  4 sea snakes
  Pikel (D:6)
  A lindwurm (Lair:6)
  An orc knight (D:12)
  7 harpies
  2 orc sorcerers (Orc:2)
  An oklob plant (Lair:2)
  4 manticores
  A worldbinder (Abyss:1)
  4 fauns
  2 black mambas (Lair:4)
  2 merfolk sirens
  4 elephants
  A gargoyle (D:12)
  Psyche (D:9)
  13 spiny frogs
  A kobold demonologist (D:12)
  6 komodo dragons
  An ancient zyme (Abyss:1)
  2 wind drakes (Shoals:1)
  A polar bear (Lair:3)
  4 merfolk
  2 hornets
  The ghost of wearedevo the Chopper, an amateur CeGl (D:4)
  A hippogriff (Lair:2)
  3 trolls
  13 blink frogs
  2 tyrant leeches (Lair:6)
  A raiju (Abyss:1)
  A snapping turtle (Shoals:1)
  A shadow (D:11)
  A vampire (D:11)
  4 water elementals
  11 yaks
  3 fire bats
  4 wraiths
  A wyvern (Lair:4)
  2 vampire mosquitoes (Lair:6)
  A neqoxec (Abyss:1)
  3 basilisks
  Menkaure (D:6)
  A hungry ghost (D:11)
  A warg (Orc:2)
  A soldier ant (D:10)
  20 water moccasins
  An acid dragon (D:11)
  10 porcupines
  15 orc warriors
  3 sky beasts
  The ghost of wearedevo the Cudgeler, an amateur NaBe of Trog (D:3)
  An ice beast (D:5)
  2 black bears
  9 ogres
  2 phantoms
  9 wolves
  8 crocodiles
  2 centaurs
  5 big kobolds
  11 bullfrogs
  A gnoll sergeant (D:8)
  A wyvern skeleton (D:11)
  3 scorpions
  12 wights
  13 killer bees
  An electric eel (D:12)
  A bullfrog zombie (D:8)
  3 crimson imps
  3 howler monkeys
  2 centaur zombies
  A quasit (D:12)
  3 hounds
  21 orc priests
  A jelly (D:6)
  21 orc wizards
  3 bullfrog skeletons
  4 iguanas
  Terence (D:2)
  10 worker ants
  2 worker ant zombies
  Robin (D:3)
  6 gnolls
  A howler monkey skeleton (D:8)
  14 adders
  An ufetubus (Abyss:1)
  An ooze (D:7)
  A worm (D:10)
  2 dart slugs
  7 leopard geckos
  82 orcs
  5 giant cockroaches
  16 goblins
  7 hobgoblins
  14 jackals
  3 quokkas
  A ball python (D:4)
  2 bats (D:1)
  2 frilled lizards
  21 kobolds
  2 leopard gecko skeletons
  2 orc zombies (D:12)
  2 rats (D:1)
  4 fungi
  4 plants
548 creatures vanquished.

Vanquished Creatures (collateral kills)
  An orc warlord (Orc:2)
  Snorg (D:12)
  Fannar (Lair:1)
  A merfolk aquamancer (Shoals:2)
  A hydra (Lair:6)
  A merfolk avatar (Shoals:2)
  Erica (Lair:2)
  A two-headed ogre (D:9)
  A satyr (Shoals:2)
  An orc high priest (Orc:2)
  2 death yaks (Lair:5)
  Nergalle (Lair:2)
  A sea snake (Shoals:2)
  An orc knight (Orc:2)
  9 harpies
  2 fauns (Shoals:2)
  An ugly thing (D:12)
  2 manticores (Shoals:2)
  2 merfolk sirens
  3 cyclopes
  6 elephants
  A water nymph (Shoals:1)
  7 spiny frogs
  2 komodo dragons
  2 tyrant leeches (Lair:6)
  13 blink frogs
  3 snapping turtles (Shoals:1)
  A hippogriff (Lair:3)
  A wraith (Lair:4)
  A wyvern (Lair:6)
  2 water elementals (Shoals:2)
  4 yaks (Lair:1)
  A hungry ghost (D:12)
  4 vampire mosquitoes (Lair:6)
  A basilisk (Lair:6)
  8 water moccasins
  2 porcupines (Lair:3)
  10 orc warriors
  A phantom (D:12)
  3 wolves (Lair:6)
  6 crocodiles
  13 bullfrogs
  2 killer bees (D:9)
  5 electric eels
  6 orc priests
  4 orc wizards
  8 adders
  27 orcs
  A kobold (D:8)
  14 fungi
  29 plants
222 creatures vanquished.

Vanquished Creatures (others)
  A skeletal warrior (Orc:2)
  A faun (Shoals:3)
  9 harpy zombies
  Grinder (D:6)
  13 flying skulls
  A black mamba zombie (Lair:4)
  2 vampires
  2 faun zombies (Shoals:2)
  2 spiny frog zombies (Lair:6)
  3 blink frog zombies (Lair:6)
  A manticore zombie (Shoals:3)
  3 vampire mosquito zombies (Lair:6)
  A troll zombie (D:12)
  A yak skeleton (Lair:6)
  2 wights
  2 wolf zombies (Lair:4)
  A jelly (D:6)
  A basilisk zombie (Lair:3)
  3 bullfrog zombies
  2 porcupine zombies
  3 worker ants (D:6)
  A human zombie (D:9)
  A mummy (D:11)
  A hound zombie (D:10)
  2 gnolls (D:6)
  2 adders
  2 adder zombies
  An electric eel zombie (Lair:6)
  A jackal skeleton (D:9)
  14 orc zombies
  A quokka zombie (D:10)
  12 fungi
  31 plants
124 creatures vanquished.

Grand Total: 894 creatures vanquished

Notes
Turn   | Place    | Note
-------+----------+-------------------------------------------
     0 | D:1      | Amciq the Minotaur Fighter began the quest for the Orb.
     0 | D:1      | Reached XP level 1. HP: 19/19 MP: 0/0
   277 | D:1      | Reached XP level 2. HP: 27/27 MP: 1/1
   839 | D:2      | Noticed Terence
   863 | D:2      | Killed Terence
   863 | D:2      | Reached XP level 3. HP: 25/33 MP: 2/2
  1392 | D:3      | Reached XP level 4. HP: 38/40 MP: 3/3
  1440 | D:3      | Noticed Robin
  1451 | D:3      | Killed Robin
  1875 | D:3      | Noticed wearedevo's ghost (amateur NaBe)
  1902 | D:3      | Killed wearedevo's ghost
  1902 | D:3      | Reached skill level 5 in Armour
  1902 | D:3      | Reached XP level 5. HP: 31/47 MP: 4/4
  2177 | D:4      | Noticed wearedevo's ghost (amateur CeGl)
  2186 | D:4      | Killed wearedevo's ghost
  2186 | D:4      | Reached skill level 5 in Fighting
  2186 | D:4      | Reached skill level 5 in Shields
  2186 | D:4      | Reached XP level 6. HP: 32/56 MP: 5/5
  2308 | D:4      | Reached skill level 5 in Axes
  2451 | D:4      | Reached XP level 7. HP: 56/61 MP: 6/6
  2866 | D:4      | Gained mutation: You are agile. (Dex +2) [potion of mutation]
  2866 | D:4      | Gained mutation: Your spells are a little easier to cast, but a little less powerful. [potion of mutation]
  2866 | D:4      | Gained mutation: You are somewhat resistant to further mutation. [potion of mutation]
  3094 | D:5      | Entered Level 5 of the Dungeon
  3099 | D:5      | Reached XP level 8. HP: 71/71 MP: 7/7
  3724 | D:6      | Noticed Pikel
  3735 | D:6      | Killed Pikel
  3735 | D:6      | Reached XP level 9. HP: 81/81 MP: 8/8
  3865 | D:6      | Found a staircase to the Ecumenical Temple.
  3873 | Temple   | Entered the Ecumenical Temple
  4091 | Temple   | Became a worshipper of Yredelemnul the Dark
  4190 | D:6      | Killed Grinder
  4314 | D:6      | Noticed a two-headed ogre
  4321 | D:6      | Killed a two-headed ogre
  4321 | D:6      | Reached skill level 1 in Invocations
  4548 | D:6      | Found an opulent altar of Gozag.
  4747 | D:6      | Noticed Menkaure
  4756 | D:6      | Killed Menkaure
  5019 | D:7      | Cast into level 1 of the Abyss (big kobold)
  5046 | Abyss:1  | Noticed an ancient zyme
  5054 | Abyss:1  | Killed an ancient zyme
  5180 | Abyss:1  | Noticed a worldbinder
  5182 | Abyss:1  | Noticed a vault sentinel
  5182 | Abyss:1  | Noticed a yaktaur
  5186 | Abyss:1  | Noticed an ironheart preserver
  5193 | Abyss:1  | Noticed a yaktaur
  5193 | Abyss:1  | Noticed an ironheart preserver
  5193 | Abyss:1  | Noticed a yaktaur
  5206 | Abyss:1  | Killed a worldbinder
  5253 | Abyss:1  | Reached XP level 10. HP: 80/91 MP: 10/10
  5259 | D:7      | Escaped the Abyss
  5400 | D:7      | Reached * piety under Yredelemnul
  6142 | D:8      | Found Fiwkeirph's General Store.
  6152 | D:8      | Bought a scroll of identify for 30 gold pieces
  6192 | D:8      | Noticed a two-headed ogre
  6196 | D:8      | Killed a two-headed ogre
  6196 | D:8      | Reached skill level 10 in Shields
  6309 | D:8      | Reached skill level 10 in Armour
  6409 | D:8      | Noticed a two-headed ogre
  6417 | D:8      | Killed a two-headed ogre
  6417 | D:8      | Reached skill level 10 in Fighting
  6417 | D:8      | Reached skill level 10 in Axes
  6433 | D:8      | Reached ** piety under Yredelemnul
  6836 | D:9      | Found Julierch's Food Shoppe.
  6840 | D:9      | Noticed Psyche
  6850 | D:9      | Killed Psyche
  6964 | D:9      | Noticed Gastronok
  6977 | D:9      | Your ally Psyche died
  6980 | D:9      | Killed Gastronok
  6980 | D:9      | Reached XP level 11. HP: 50/101 MP: 11/13
  7187 | D:9      | Reached *** piety under Yredelemnul
  7448 | D:9      | Noticed a two-headed ogre
  7457 | D:9      | Killed a two-headed ogre
  7557 | D:10     | Entered Level 10 of the Dungeon
  7583 | D:10     | Found a staircase to the Lair.
  7930 | D:10     | Received a gift from Yredelemnul (a mummy)
  8050 | D:10     | Killed an unseen horror
  8603 | D:11     | Reached **** piety under Yredelemnul
  8836 | D:11     | Received a gift from Yredelemnul (a mummy)
  8930 | D:11     | Noticed a skeletal warrior
  8930 | D:11     | Noticed a skeletal warrior
  8930 | D:11     | Noticed a skeletal warrior
  8946 | D:11     | Killed a skeletal warrior
  8946 | D:11     | Reached skill level 5 in Invocations
  8949 | D:11     | Killed a skeletal warrior
  8949 | D:11     | HP: 1/103 [skeletal warrior/battleaxe[a skeletal warrior] (24)]
  8957 | D:11     | Killed a skeletal warrior
  8957 | D:11     | Reached XP level 12. HP: 20/110 MP: 14/14
  9366 | D:11     | Received a gift from Yredelemnul (5 flying skulls)
  9590 | Lair:1   | Entered Level 1 of the Lair of Beasts
  9596 | Lair:1   | Noticed Fannar
  9607 | Lair:1   | Killed Fannar
 10348 | Lair:1   | Received a gift from Yredelemnul (a wight)
 10547 | Lair:1   | Received a gift from Yredelemnul (a wight)
 11129 | Lair:2   | Noticed Erica
 11135 | Lair:2   | Killed Erica
 11262 | Lair:2   | Noticed Nergalle
 11271 | Lair:2   | Killed Nergalle
 11466 | Lair:2   | Got a jewelled falchion
 11467 | Lair:2   | Identified the +11 falchion "Ytinuapp" {freeze, rElec rF++ MP-9 SInv} (You found it on level 2 of the Lair of Beasts)
 11823 | Lair:3   | Reached skill level 1 in Dodging
 11866 | Lair:3   | Reached skill level 1 in Unarmed Combat
 12029 | Lair:2   | Received a gift from Yredelemnul (3 flying skulls)
 12175 | Lair:3   | Reached XP level 13. HP: 64/119 MP: 16/16
 12257 | Lair:3   | Found a dark tunnel.
 12568 | Lair:4   | Found a staircase to the Shoals.
 12853 | Lair:4   | Received a gift from Yredelemnul (a wraith)
 12898 | Lair:4   | Found a hole to the Spider Nest.
 13118 | Lair:4   | Reached ***** piety under Yredelemnul
 13794 | Lair:5   | Found a staircase to the Slime Pits.
 14099 | Lair:6   | Entered Level 6 of the Lair of Beasts
 14447 | Lair:6   | Received a gift from Yredelemnul (a vampire)
 14697 | Lair:6   | Received a gift from Yredelemnul (a phantasmal warrior)
 14719 | Lair:6   | Received a gift from Yredelemnul (a phantasmal warrior)
 15302 | Lair:6   | Reached XP level 14. HP: 128/130 MP: 18/18
 15952 | D:12     | Noticed Snorg
 15959 | D:12     | Received a gift from Yredelemnul (5 flying skulls)
 15964 | D:12     | Killed Snorg
 16116 | D:12     | Found a staircase to the Orcish Mines.
 16136 | Orc:1    | Entered Level 1 of the Orcish Mines
 16136 | Orc:1    | Found a roughly hewn altar of Beogh.
 16172 | Orc:1    | Received a gift from Yredelemnul (a wraith)
 16246 | Orc:2    | Entered Level 2 of the Orcish Mines
 16286 | Orc:2    | Found a staircase to the Elven Halls.
 16310 | Orc:2    | Found Caeq's General Store.
 16377 | Orc:2    | Found a roughly hewn altar of Beogh.
 16378 | Orc:2    | Found Lusu's Antique Weapon Boutique.
 16387 | Orc:2    | Received a gift from Yredelemnul (a skeletal warrior)
 16417 | Orc:2    | Found a roughly hewn altar of Beogh.
 16495 | Orc:2    | Found a roughly hewn altar of Beogh.
 16496 | Orc:2    | Found Vemne's Weapon Emporium.
 16864 | Orc:2    | Received a gift from Yredelemnul (a vampire)
 17050 | Orc:2    | Noticed Donald
 17062 | Orc:2    | Killed Donald
 17062 | Orc:2    | Enslaved Donald
 17204 | Orc:2    | Noticed an orc warlord
 17222 | Orc:2    | Killed an orc warlord
 17225 | Orc:2    | Received a gift from Yredelemnul (a phantasmal warrior)
 17275 | Orc:2    | Found Fafem's Antique Armour Shoppe.
 17276 | Orc:2    | Found a roughly hewn altar of Beogh.
 17277 | Orc:2    | Found Xitath's Antique Weapon Emporium.
 17284 | Orc:2    | Bought a transparent war axe for 161 gold pieces
 17380 | Orc:2    | Identified the +6 war axe of the Ancients {pain, Str+4} (You bought it in a shop on level 2 of the Orcish Mines)
 17558 | Orc:2    | Found a roughly hewn altar of Beogh.
 17648 | Orc:2    | Found a roughly hewn altar of Beogh.
 18129 | D:12     | Reached ****** piety under Yredelemnul
 18481 | Shoals:1 | Entered Level 1 of the Shoals
 18481 | Shoals:1 | Noticed Josephine
 18505 | Lair:4   | Killed Josephine
 18858 | Shoals:1 | Got a shimmering graven amulet
 18859 | Shoals:1 | Identified the amulet "Diezem" {Harm *Drain rElec rF+ Int+3 Slay-6} (You found it on level 1 of the Shoals)
 19418 | Shoals:2 | Reached skill level 5 in Unarmed Combat
 19454 | Shoals:2 | Reached skill level 5 in Dodging
 20712 | Shoals:3 | Reached XP level 15. HP: 117/139 MP: 20/20
 20778 | Shoals:3 | Noticed a frost giant
 20780 | Shoals:3 | Received a gift from Yredelemnul (a vampire)
 20783 | Shoals:3 | Killed a frost giant
 20793 | Shoals:3 | Noticed a titan
 20820 | Shoals:3 | Slain by a titan

Vault maps used:
D:1:      onia_arrival_mini_spirals, minmay_liquid_box
D:2:      first_bread, uniq_terence
D:3:      kennysheep_goblin_castle
D:6:      marbit_many_paths, minmay_temple_entry_glassed_door, uniq_pikel,
          uniq_menkaure, uniq_grinder
D:8:      serial_shops, shop
D:9:      serial_shops, kennysheep_mini_moat, uniq_psyche, uniq_gastronok
D:10:     due_lair_maze_entry_diamond, serial_glass, glass_columns_c,
          glass_columns_a, hangedman_pestilent_swarm, minmay_variable_closet
D:12:     erik_orc_2, uniq_snorg
Temple:   compressed_dpeg_triangle_lava_temple
Lair:1:   lemuel_reptile_caves, uniq_fannar
Lair:2:   bh_autumn_forest_stairs, grunt_forest_small_clearings,
          lemuel_fruit_tree, grunt_megastairs_2, uniq_nergalle, uniq_erica
Lair:3:   dpeg_oklob_gauntlet, nicolae_volcano_entry_batcave,
          grunt_forest_stairs_basic, grunt_megastairs_5
Lair:4:   shoals_dummy_entry, dummy_spider_entry, small_statue_intersection,
          minivault_23
Lair:5:   dpeg_slime_entry_corner, cheibrodos_lair_caveside_slide,
          lemuel_fruit_fields
Lair:6:   minmay_lair_end_frog_pond
Shoals:1: uniq_josephine
Shoals:3: cheibrodos_shoals_gigantism, nicolae_shoals_aquamancer_cove
Orc:1:    basic_altar
Orc:2:    grunt_orc_community_town_hall, grunt_orc_community_big_house_1,
          grunt_orc_community_big_house_1, grunt_orc_community_house_1,
          grunt_orc_community_house_3, grunt_orc_community_house_2,
          grunt_orc_community_house_3, serial_shops, nicolae_shop_trees,
          uniq_donald

Skill      XL: |  1  2  3  4  5  6  7  8  9 10 11 12 13 14 |
---------------+-------------------------------------------+-----
Fighting       | 4 5 6 7 9 10 11 12 13 14 | 14.8
Axes           | 3 4 5 6 7 9 10 11 12 13 14 | 14.4
Armour         | 4 5 6 8 9 10 11 12 13 14 | 14.7
Shields        | 4 5 6 7 9 10 11 13 14 | 14.9
Invocations    | 2 4 5 6 7 8 |  8.1
Dodging        | 1 3 5 |  5.2
Unarmed Combat | 1 3 5 |  5.5

Action                   |  1- 3 |  4- 6 |  7- 9 | 10-12 | 13-15 || total
-------------------------+-------+-------+-------+-------+-------++-------
Melee: War axe           |    87 |    71 |   218 |   597 |   563 ||  1536
       Headbutt          |    11 |    14 |    48 |   116 |   120 ||   309
Invok: Animate Remains   |       |       |       |    12 |       ||    12
       Animate Dead      |       |       |       |    22 |    41 ||    63
       Enslave Soul      |       |       |       |       |     2 ||     2
       Drain Life        |       |       |       |       |     1 ||     1
  Use: Potion            |       |     5 |     1 |     8 |     3 ||    17
       Scroll            |       |     2 |     4 |    14 |     9 ||    29
 Stab: Distracted        |       |       |       |     3 |     9 ||    12
  Eat: Chunk             |     2 |     3 |     7 |    30 |    30 ||    72
       Fruit             |       |       |     2 |     2 |     8 ||    12
       Royal jelly       |       |       |       |     1 |       ||     1
       Meat ration       |       |       |       |       |     1 ||     1
Armor: Scale mail        |    34 |    24 |    20 |       |       ||    78
       Skin              |       |     7 |       |       |       ||     7
       Plate armour      |       |       |    75 |   251 |   227 ||   553
Dodge: Dodged            |    23 |    21 |    37 |   108 |   173 ||   362
Block: Shield            |    52 |    49 |    93 |   328 |   390 ||   912
